 Dungeon Sprint DCSS version 0.27.1 (webtiles) character file.

Game seed: 221999857714801929

4669 styxcanada the Imperceptible (level 10, -5/55 HPs)
             Began as a Spriggan Brigand on Aug 28, 2021.
             Was an Initiate of Gozag.
             Slain by a spriggan (10 damage)
             ... in the Dungeon (Sprint IV: "Fedhas' Mad Dash").
             The game lasted 00:12:20 (1732 turns).

styxcanada the Imperceptible (Spriggan Brigand)     Turns: 1732, Time: 00:12:21

Health: -5/55      AC:  8    Str:  7    XL:     10   Next: 20%
Magic:  17/18      EV: 27    Int: 23    God:    Gozag
Gold:   1206       SH:  0    Dex: 20    Spells: 14/18 levels left

rFire    . . .     SeeInvis +   a - +2 dagger (vamp)
rCold    . . .     Faith    .   (shield restricted)
rNeg     . . .     Spirit   .   j - +0 troll leather armour of Aneximuq {Regen+ Int+4}
rPois    .         Reflect  .   (helmet restricted)
rElec    .         Harm     .   c - +1 cloak
rCorr    .         Rampage  .   (gloves unavailable)
Will     +....     NoTele   +   (boots unavailable)
Stlth    +++++++++.             l - amulet of invisibility {+Inv}
HPRegen  1.18/turn              n - +6 ring of intelligence
MPRegen  0.16/turn              (no ring)

@: gold aura, very slightly contaminated, studying Dodging, invisible
(expiring), very quick
A: very small, no large weapons, unfitting armour, see invisible, speed 3,
iridescent scales 1, evolution 1
a: Renounce Religion, Evoke Invisibility, Potion Petition, Call Merchant, Bribe
Branch


You were in the Dungeon.
You worshipped Gozag.
Gozag was most pleased with you.
You visited 1 branch You collected 2053 gold pieces.
You spent 847 gold pieces at shops.

Inventory:

Hand Weapons
 a - a +2 vampiric dagger (weapon)
Missiles
 d - 7 poisoned darts
 e - a curare-tipped dart (quivered)
 r - 23 sling bullets
Armour
 c - a +1 cloak (worn)
 j - the +0 troll leather armour of Aneximuq (worn) {Regen+ Int+4}
   (You bought it in a shop in the Dungeon)

   Int:       It affects your intelligence (+4).
   Regen:     It increases your rate of health regeneration.
 o - a +2 robe of cold resistance
Jewellery
 l - the amulet of invisibility (around neck) {+Inv}
   (You found it in the Dungeon)

   [amulet of nothing]

   +Inv:      It lets you turn invisible.
 n - a +6 ring of intelligence (left hand)
 q - an amulet of regeneration
Wands
 b - a wand of flame (10)
Scrolls
 k - a scroll of blinking
 m - a scroll of identify
 p - a scroll of torment
Potions
 f - a potion of curing
 g - 2 potions of heal wounds
 h - a potion of haste
 i - 2 potions of magic


   Skills:
 * Level 7.0 Fighting
 + Level 6.2 Short Blades
 + Level 4.8 Throwing
 * Level 13.2 Dodging
 * Level 24.0 Stealth
 * Level 4.6 Spellcasting
 * Level 3.1 Summonings
 * Level 3.3 Air Magic
 * Level 10.2 Evocations


You had 14 spell levels left.
You knew the following spells:

 Your Spells              Type           Power      Damage    Failure   Level
a - Summon Lightning Spi  Summ/Air       20%        N/A       36%         4

Your spell library contained the following spells:

 Spells                   Type           Power      Damage    Failure   Level
 Summon Small Mammal      Summ           76%        N/A       4%          1
 Apportation              Tloc           10%        N/A       14%         1
 Ensorcelled Hibernation  Hex/Ice        10%        N/A       22%         2
 Spider Form              Tmut/Pois      2%         N/A       41%         3
 Alistair's Intoxication  Tmut/Pois      3%         N/A       99%         5
 Shadow Creatures         Summ           N/A        N/A       99%         6
 Invisibility             Hex            2%         N/A       100%        6
 Haunt                    Necr/Summ      6%         N/A       100%        7


Dungeon Overview and Level Annotations

Branches:
Dungeon (1/1)

Altars:
Cheibriados
Dithmenos
Elyvilon
Gozag
Hepliaklqana
Kikubaaqudgha
Makhleb
Nemelex Xobeh
Okawaru
Qazlal
Ru
Sif Muna
Trog
Uskayaw
Vehumet
Wu Jian
Xom
Yredelemnul
Zin
The Shining One
Beogh
Jiyva
Lugonu

Shops:
D **[**?


Innate Abilities, Weirdness & Mutations

You are very small and have problems with some larger weapons.
You are too small for most types of armour.
You have supernaturally acute eyesight. (SInv)
You cover ground extremely quickly. (Speed+++)
You are partially covered in iridescent scales. (AC +2)
You evolve.


Message History

Your Fighting skill increases to level 7!
Your Summonings skill increases to level 3!
Your Evocations skill increases to level 10!
You now have 1206 gold pieces (gained 216).
You open the door. 2 spriggans and a spriggan rider come into view.
Found Adooc's General Store.
There is an open door here.
The helpless spriggan fails to defend itself.
You skewer the spriggan like a kebab!!!!!
You kill the spriggan!
Your Stealth skill increases to level 24!
Found 11 gold pieces.
Found Wuet's Magic Scroll Shoppe.
Found 11 gold pieces.
The spriggan rider shouts!
The spriggan shouts!
The spriggan rider completely misses you.
The spriggan hits you but does no damage.
You hit the spriggan.
The spriggan is lightly wounded.
You flicker for a moment.
You hit the spriggan.
The spriggan is lightly wounded.
The spriggan rider hits you from afar with a +0 spear!!
The spriggan hits you with a +0 short sword!
The spriggan blocks your attack.
The spriggan is lightly wounded.
The spriggan rider completely misses you.
The spriggan closely misses you.
You hit the spriggan.
You feel better.
The spriggan is lightly wounded.
The spriggan hits you with a +0 short sword!
* * * LOW HITPOINT WARNING * * *
The spriggan rider hits you with a +0 spear!
* * * LOW HITPOINT WARNING * * *
You hit the spriggan rider.
The spriggan rider is lightly wounded.
The spriggan rider completely misses you.
The spriggan hits you with a +0 short sword!
You die...
Your body crumbles into a pile of gold.

##############***
.'.))#....##∩#*,*
.#...#....'.|##+#
.###'##..)##∩#$$####
.##∩∩.'...#####..i.#
###############.@.∩#
###.....)###....i♣.#
['......('.'..$♣..∩#
.#.P.....###########
+##.P....#
,*######## ,,,,****
,,*,,,,***
,,,,,*,,,****


You could see a spriggan rider and a spriggan.

Vanquished Creatures
  A spriggan druid (D)
  6 oklob plants (D)
  A demonic crawler (D)
  2 burning bushes (D)
  3 wandering mushrooms (D)
  A queen bee (D)
  3 scorpions (D)
  4 killer bees (D)
  5 oklob saplings (D)
  3 spriggans (D)
  A river rat (D)
  A rat (D)
  A ballistomycete spore (D)
32 creatures vanquished.

Notes
Turn   | Place    | Note
-------+----------+-------------------------------------------
     0 | D        | styxcanada the Spriggan Brigand began the quest for the
                  | Orb.
     0 | D        | Reached XP level 1. HP: 10/10 MP: 2/2
     9 | D        | Reached skill level 8 in Stealth
     9 | D        | Reached XP level 2. HP: 10/15 MP: 3/3
    95 | D        | Noticed an oklob sapling
    97 | D        | Killed an oklob sapling
    98 | D        | Reached skill level 10 in Stealth
    98 | D        | Reached XP level 3. HP: 19/19 MP: 4/4
    99 | D        | Noticed a scorpion
    99 | D        | Found the amulet of invisibility {+Inv}
   101 | D        | Killed a scorpion
   102 | D        | Reached skill level 12 in Stealth
   102 | D        | Reached XP level 4. HP: 23/23 MP: 5/5
   123 | D        | Found an opulent altar of Gozag.
   123 | D        | Found a hazy altar of Hepliaklqana.
   123 | D        | Found a burning altar of Makhleb.
   123 | D        | Found a sparkling altar of Nemelex Xobeh.
   123 | D        | Found a snail-covered altar of Cheibriados.
   123 | D        | Found a sacrificial altar of Ru.
   123 | D        | Found a shimmering blue altar of Sif Muna.
   123 | D        | Found a shimmering altar of Xom.
   123 | D        | Found a basalt altar of Yredelemnul.
   124 | D        | Found a viscous altar of Jiyva.
   124 | D        | Found a bloodstained altar of Trog.
   124 | D        | Found an ornate altar of the Wu Jian Council.
   125 | D        | Found an iron altar of Okawaru.
   125 | D        | Found a shadowy altar of Dithmenos.
   125 | D        | Found a glowing silver altar of Zin.
   126 | D        | Found an ancient bone altar of Kikubaaqudgha.
   126 | D        | Found a hide-covered altar of Uskayaw.
   127 | D        | Found a stormy altar of Qazlal.
   127 | D        | Found a white marble altar of Elyvilon.
   127 | D        | Found a glowing golden altar of the Shining One.
   128 | D        | Became a worshipper of Gozag Ym Sagoz the Greedy
   129 | D        | Found a corrupted altar of Lugonu.
   129 | D        | Found a radiant altar of Vehumet.
   133 | D        | Reached skill level 13 in Stealth
   133 | D        | Reached XP level 5. HP: 28/28 MP: 3/6
   145 | D        | Reached skill level 14 in Stealth
   145 | D        | Reached skill level 1 in Evocations
   182 | D        | Reached skill level 5 in Dodging
   183 | D        | Reached skill level 15 in Stealth
   183 | D        | Reached XP level 6. HP: 33/33 MP: 4/7
   199 | D        | Found Ihusoiv's Assorted Antiques.
   200 | D        | Found Bublaox's Assorted Antiques.
   205 | D        | Bought a runed robe for 81 gold pieces
   205 | D        | Bought a scroll labelled KIEHOH VANAUDE for 22 gold pieces
   205 | D        | Bought a scroll labelled UWNACHE AMILA for 22 gold pieces
   205 | D        | Bought a scroll labelled KIEHOH VANAUDE for 22 gold pieces
   217 | D        | Bought a scroll labelled MIUMMI GOQUSI for 22 gold pieces
   217 | D        | Bought a scroll labelled PAGHYO SIRPH for 22 gold pieces
   217 | D        | Bought a scroll labelled YQEORIRHA JORADD for 22 gold
                  | pieces
   217 | D        | Bought a scroll labelled KIEHOH VANAUDE for 22 gold pieces
   217 | D        | Bought a scroll labelled KIEHOH VANAUDE for 22 gold pieces
   222 | D        | Acquired a manual of Dodging
   239 | D        | Noticed a burning bush
   239 | D        | Noticed a wandering mushroom
   240 | D        | Noticed a wandering mushroom
   244 | D        | Killed a wandering mushroom
   245 | D        | Reached skill level 17 in Stealth
   245 | D        | Killed a wandering mushroom
   246 | D        | Reached skill level 19 in Stealth
   246 | D        | Reached XP level 7. HP: 30/38 MP: 5/8
   867 | D        | Killed a burning bush
   868 | D        | Reached skill level 5 in Fighting
   868 | D        | Reached skill level 20 in Stealth
   868 | D        | Reached XP level 8. HP: 43/43 MP: 9/9
   879 | D        | Found Momaclud's General Store.
   879 | D        | Found Jaitz's Antique Armour Shoppe.
   950 | D        | Noticed a queen bee
   957 | D        | Killed a queen bee
   958 | D        | Reached skill level 10 in Dodging
   958 | D        | Reached skill level 5 in Evocations
   962 | D        | Reached skill level 5 in Short Blades
   962 | D        | Reached skill level 21 in Stealth
  1025 | D        | Bought an encrusted troll leather armour for 480 gold
                  | pieces
  1025 | D        | Identified the +0 troll leather armour of Aneximuq {Regen+
                  | Int+4} (You bought it in a shop in the Dungeon)
  1043 | D        | Bought a runed agate ring for 110 gold pieces
  1080 | D        | Noticed an oklob plant
  1083 | D        | Killed an oklob plant
  1098 | D        | Noticed a burning bush
  1103 | D        | Killed a burning bush
  1104 | D        | Reached skill level 22 in Stealth
  1104 | D        | Reached XP level 9. HP: 35/48 MP: 10/10
  1107 | D        | Got the Incunabulum of Creation
  1121 | D        | Learned a level 4 spell: Summon Lightning Spire
  1165 | D        | Noticed a burning bush
  1165 | D        | Noticed an oklob plant
  1166 | D        | Noticed a wandering mushroom
  1235 | D        | Reached skill level 1 in Spellcasting
  1259 | D        | Gained mutation: You are partially covered in iridescent
                  | scales. (AC +2) [potion of mutation]
  1259 | D        | Gained mutation: You have a pair of small horns on your
                  | head. [potion of mutation]
  1259 | D        | Gained mutation: You evolve. [potion of mutation]
  1403 | D        | Killed an oklob plant
  1404 | D        | Reached skill level 1 in Summonings
  1404 | D        | Reached skill level 1 in Air Magic
  1419 | D        | Noticed a spriggan druid
  1421 | D        | Killed a spriggan druid
  1422 | D        | Reached skill level 23 in Stealth
  1599 | D        | Noticed an oklob plant conjurer
  1600 | D        | Killed an oklob plant conjurer
  1649 | D        | Noticed an oklob plant
  1649 | D        | Noticed an oklob plant summoner
  1650 | D        | Noticed an oklob plant shifter
  1654 | D        | Killed an oklob plant
  1656 | D        | Killed an oklob plant summoner
  1657 | D        | Reached XP level 10. HP: 53/53 MP: 13/17
  1659 | D        | Killed an oklob plant shifter
  1708 | D        | Lost mutation: You have a pair of small horns on your head.
                  | [evolution]
  1718 | D        | Reached skill level 10 in Evocations
  1720 | D        | Noticed a spriggan rider
  1721 | D        | Found Adooc's General Store.
  1725 | D        | Reached skill level 24 in Stealth
  1725 | D        | Found Wuet's Magic Scroll Shoppe.
  1732 | D        | Slain by a spriggan

Illustrated notes

Levels and vault maps discovered:
D:        dungeon_sprint_fedhas [sprint_temple]

Skill      XL: |  1  2  3  4  5  6  7  8  9 10 |
---------------+-------------------------------+-----
Fighting       | 2 3 4 5 6 7 |  7.0
Dodging        | 2 4 5 8 9 11 12 13 | 13.2
Stealth        | 8 10 12 13 15 19 20 22 23 24 | 24.0
Short Blades   | 3 4 5 6 |  6.2
Evocations     | 1 4 6 9 10 | 10.2
Throwing       | 3 4 |  4.8
Spellcasting   | 4 |  4.6
Summonings     | 2 3 |  3.1
Air Magic      | 3 |  3.3

Action                   |  1- 3 |  4- 6 |  7- 9 | 10-12 || total
-------------------------+-------+-------+-------+-------++-------
Melee: Dagger            |     6 |     8 |   143 |     8 ||   165
       Headbutt          |       |       |    16 |       ||    16
Throw: Dart              |       |       |     9 |       ||     9
 Abil: Evoke Invisibilit |       |     3 |     8 |     1 ||    12
  Use: Scroll            |       |     8 |     1 |       ||     9
       Potion            |       |       |     2 |       ||     2
 Stab: Sleeping          |     3 |     7 |    13 |     3 ||    26
       Distracted        |       |       |     1 |       ||     1
       Invisible         |       |       |     3 |       ||     3
Armor: Robe              |     1 |       |       |       ||     1
       Troll leather arm |       |       |     2 |     1 ||     3
Dodge: Dodged            |     1 |       |    21 |     4 ||    26
